 Dungeon Crawl Stone Soup version 0.18-a0-987-g0b0e4e7 (webtiles) character file.

125 Jmtri7 the Skirmisher (level 5, -17/51 HPs)
             Began as a Hill Orc Fighter on Jan 3, 2016.
             Demolished by an ogre
             ... wielding a +0 giant spiked club
              (22 damage)
             ... on level 3 of the Dungeon.
             The game lasted 00:08:29 (1922 turns).

Jmtri7 the Skirmisher (Hill Orc Fighter)            Turns: 1922, Time: 00:08:29

Health: -17/51     AC:  6    Str: 20    XL:     5   Next: 9%
Magic:  5/5        EV:  7    Int:  8    God:
Gold:   141        SH:  9    Dex: 10    Spells: 0 memorised, 4 levels left

rFire  . . .     SeeInvis .     a - +0 war axe
rCold  + . .     Gourm    .     b - +0 scale mail
rNeg   . . .     Faith    .     c - +0 shield
rPois  .         Spirit   .     (no helmet)
rElec  .         Dismiss  .     (no cloak)
rCorr  .         Reflect  .     (no gloves)
SustAt .         Harm     .     (no boots)
MR     .....                    j - amulet of rage
Stlth  ..........               (no ring)
                                g - ring of protection from cold

@: not resistant to hostile enchantments, extremely unstealthy
A: no striking features
a: Evoke Berserk Rage


You were on level 3 of the Dungeon.
You were full.

You visited 1 branch of the dungeon, and saw 3 of its levels.

You collected 141 gold pieces.

Inventory:

Hand Weapons
 a - a +0 war axe (weapon)
Armour
 b - a +0 scale mail (worn)
 c - a +0 shield (worn)
Jewellery
 g - a ring of protection from cold (left hand)
 j - an amulet of rage (around neck)
Scrolls
 f - a scroll of magic mapping {unknown}
 h - 3 scrolls of identify
 i - 4 scrolls of remove curse
 l - a scroll of immolation {unknown}
Potions
 d - a potion of might
 e - a potion of flight {unknown}
 k - a potion of magic {unknown}
 m - 2 potions of degeneration {unknown}
 n - 2 potions of lignification {unknown}
 o - a potion of brilliance {unknown}
 p - a potion of curing {unknown}
 q - a potion of heal wounds {unknown}


   Skills:
 + Level 6.8 Fighting
 - Level 2.6 Axes
 - Level 3.2 Armour
 - Level 3.2 Shields


You had 4 spell levels left.
You didn't know any spells.

Dungeon Overview and Level Annotations

Branches:
Dungeon (3/15)

Altars:
Ashenzari
Kikubaaqudgha


Message History

There is an open door here.
The bat barely misses you. The bat barely misses you.
You continue eating.
The ogre barely misses you.
You continue eating.
You finish eating.
That meat ration really hit the spot!
You fail to use your ability.
The ogre hits you with a giant spiked club!
* * * LOW HITPOINT WARNING * * *
You hit the ogre.
The ogre is lightly wounded.
You block the ogre's attack.
You slash the ogre!
The ogre is heavily wounded.
The ogre barely misses you.
You slash the ogre!
The ogre is almost dead.
The ogre hits you with a giant spiked club!!
You die...

#.... #...#
#.... #...#
#..≈≈ #...#
#.≈≈≈ ####
#...# #..≈≈
##...###...#
##..≈
##.....##...#
.....
#......)#...#
#.###.
#..?...bO@..+
#. #.
#....$..#...#
.###.
##.....##...#
.....
##...###...#
####. ####
#.### #....
#.########
#....
#........#
#....
###......#
#....
#......#
#....


You could see an ogre and a bat.

Vanquished Creatures
  An orc wizard (D:3)
  2 adders
  5 worms (D:2)
  2 giant geckos
  5 orcs (D:3)
  A ball python (D:3)
  3 giant cockroaches (D:2)
  7 hobgoblins
  A jackal (D:3)
  A quokka (D:2)
  7 bats
  10 giant newts (D:1)
  6 goblins
  A kobold (D:3)
  7 rats
59 creatures vanquished.

Notes
Turn   | Place    | Note
--------------------------------------------------------------
     0 | D:1      | Jmtri7 the Hill Orc Fighter began the quest for the Orb.
     0 | D:1      | Reached XP level 1. HP: 19/19 MP: 1/1
    67 | D:1      | Reached skill level 4 in Fighting
    70 | D:1      | Reached XP level 2. HP: 22/27 MP: 2/2
   417 | D:1      | Reached XP level 3. HP: 16/35 MP: 3/3
   507 | D:1      | Reached skill level 5 in Fighting
   741 | D:2      | Found a shattered altar of Ashenzari.
  1020 | D:2      | Reached XP level 4. HP: 34/44 MP: 4/4
  1419 | D:3      | Reached skill level 6 in Fighting
  1422 | D:3      | Found an ancient bone altar of Kikubaaqudgha.
  1775 | D:3      | Reached XP level 5. HP: 37/51 MP: 5/5
  1909 | D:3      | Noticed an ogre
  1922 | D:3      | Demolished by an ogre

Vault maps used:
D:1:      dpeg_arrival_simpleton_b, grunt_decor_resistance, minmay_lizard_king
D:2:      evilmike_ruin_ashenzari
D:3:      kennysheep_six_static_rooms, kiku_gazebo_pond_becter,
          nicolae_overflow_hidden_temple, makhleb_altar_promises_db,
          uniq_sigmund

Action                   |  1- 3 |  4- 6 || total
-------------------------+-------+-------++-------
Melee: War axe           |   131 |    55 ||   186
 Abil: Evoke Berserk Rag |     1 |     1 ||     2
  Use: Scroll            |       |     2 ||     2
  Eat: Bread ration      |       |     1 ||     1
       Meat ration       |       |     1 ||     1
